 Dungeon Crawl Stone Soup version 0.22-a0-815-gb582571 (webtiles) character file.

3745 robertstho the Grappler (level 10, -6/81 HPs)
             Began as a Ghoul Monk on July 23, 2018.
             Mangled by a wolf (8 damage)
             ... led by Grum
             ... on level 9 of the Dungeon.
             The game lasted 00:17:49 (7455 turns).

robertstho the Grappler (Ghoul Monk)                Turns: 7455, Time: 00:17:50

Health: -6/81      AC:  3    Str: 17 (18) XL:     10   Next: 15%
Magic:  9/9        EV: 14    Int:  5      God:
Gold:   371        SH:  0    Dex: 14      Spells: 9/9 levels left

rFire    + . .     SeeInvis .     - Unarmed
rCold    . . .     Gourm    .   (no shield)
rNeg     + + +     Faith    .   f - +0 leather armour
rPois    ∞         Spirit   .   (no helmet)
rElec    .         Reflect  .   (no cloak)
rCorr    .         Harm     .   (no gloves)
MR       .....                  (no boots)
Stlth    ++........             i - amulet of the acrobat
HPRegen  0.00/turn              r - ring of fire
MPRegen  0.11/turn              s - +2 ring of strength

@: very slightly contaminated, rotting
A: rotting body, claws 1, carnivore, cold resistance 1, negative energy
resistance 3, inhibited regeneration, torment resistance, unbreathing
a: no special abilities


You were on level 9 of the Dungeon.
You were not hungry.

You visited 1 branch of the dungeon, and saw 9 of its levels.

You collected 371 gold pieces.

Inventory:

Hand Weapons
 d - a +0 war axe of freezing
Missiles
 q - 51 sling bullets
Armour
 a - a +0 robe
 f - a +0 leather armour (worn)
Jewellery
 i - an amulet of the acrobat (around neck)
 r - a ring of fire (left claw)
 s - a +2 ring of strength (right claw)
 y - a cursed ring of teleportation {unknown}
Wands
 k - a wand of iceblast (3)
 F - a wand of paralysis (12)
 H - a wand of flame (36)
Scrolls
 g - 3 scrolls of magic mapping
 p - 2 scrolls of identify
 v - a scroll of fog {unknown}
 w - 3 scrolls of amnesia {unknown}
 x - a scroll of random uselessness {unknown}
 G - 3 scrolls of teleportation
Potions
 n - a potion of berserk rage
 o - 3 potions of resistance
 t - a potion of ambrosia {unknown}
 u - a potion of might {unknown}
 z - a potion of brilliance {unknown}
 C - 2 potions of degeneration
Comestibles
 b - 14 rations


   Skills:
 + Level 5.3 Fighting
 + Level 4.1 Armour
 + Level 5.0 Dodging
 - Level 2.2 Stealth
 * Level 13.0 Unarmed Combat
 + Level 1.1 Evocations


You had 9 spell levels left.
You didn't know any spells.
Your spell library contained the following spells:

 Spells                   Type           Power        Failure   Level  Hunger
 Animate Dead             Necr           N/A          99%         4    #####..
 Pain                     Necr           #...         54%         1    ##.....
 Animate Skeleton         Necr           N/A          54%         1    ##.....
 Vampiric Draining        Necr           #.........   88%         3    ####...
 Regeneration             Chrm/Necr      #.........   88%         3    ####...


Dungeon Overview and Level Annotations

Branches:
Dungeon (9/15)             Temple (0/1) D:5
   Lair: D:8-11         Orc: D:9-12

Altars:
Dithmenos
Okawaru
Sif Muna
Yredelemnul
The Shining One

Shops:
D:4 :   D:6 (

Annotations:
D:4 Quilel's ghost, amateur DEEn
D:9 Grum; Maurice


Innate Abilities, Weirdness & Mutations

Your body is rotting away.
You thrive on raw meat.
You are immune to poison.
You have sharp fingernails.
You are carnivorous and can eat meat at any time.
Your flesh is cold resistant. (rC+)
You are immune to negative energy. (rN+++)
You do not regenerate when monsters are visible.
You are immune to unholy pain and torment.
You can survive without breathing.


Message History

* * * LOW HITPOINT WARNING * * *
Okay, then.
Okay, then.
Blink to where?
Press: ? - help, Dir - move target cursor You are very lightly contaminated with residual magic.
As you read the scroll labeled XYBUTU CIXZUI, it crumbles to dust.
It was a scroll of blinking.
An adder comes into view.
The adder hisses angrily.
Evoke which item? (* to show all) (? for menu, Esc to quit)
Aiming: Paralyse
Press: ? - help, Shift-Dir - straight line, f - adder
Aim: an adder (chance to defeat MR: 57%)
The adder suddenly stops moving!
The wolf barely misses you. The wolf completely misses you.
There is a stone staircase leading down here.
The wolf bites you!
You die...

#.......#.....#...}#{#
........#.....#....#O#
........##.'#.#....#.#
.........{..#.#....#.#
............#.######.#
........$...#........#
.......######........#
.......#.................
####...#.(....@...........
#...#......h............
#...#......h............
#.....a........#####
#####..S.......#
#.S........ #..........
####### #g.........
####.....###........##


You could see Grum, 2 wolves, a worker ant and 2 adders.

Vanquished Creatures
  Sigmund (D:3)
  A wyvern (D:8)
  5 yaks
  A hungry ghost (D:8)
  Menkaure (D:6)
  A sky beast (D:6)
  4 ogres
  A phantom (D:7)
  3 centaurs
  A big kobold (D:6)
  A gnoll sergeant (D:7)
  3 bullfrogs
  A scorpion (D:7)
  6 killer bees (D:8)
  2 howler monkeys
  4 crimson imps
  3 hounds
  2 orc priests
  2 iguanas
  5 orc wizards
  9 worker ants
  2 bullfrog skeletons
  3 hound skeletons
  A howler monkey zombie (D:5)
  4 gnolls
  7 adders
  A shadow imp (D:5)
  2 oozes
  An adder zombie (D:6)
  A worm (D:3)
  A leopard gecko (D:5)
  15 orcs
  9 bats
  3 giant cockroaches (D:3)
  10 goblins
  10 hobgoblins
  10 jackals
  13 kobolds
  2 quokkas
  6 ball pythons
  A ball python skeleton (D:4)
  6 frilled lizards
  8 rats
173 creatures vanquished.

Notes
Turn   | Place    | Note
-------+----------+-------------------------------------------
     0 | D:1      | robertstho the Ghoul Monk began the quest for the Orb.
     0 | D:1      | Reached XP level 1. HP: 19/19 MP: 0/0
    71 | D:1      | Reached XP level 2. HP: 20/26 MP: 1/1
   510 | D:1      | Reached XP level 3. HP: 23/31 MP: 2/2
   518 | D:1      | Reached skill level 4 in Unarmed Combat
   878 | D:2      | Reached XP level 4. HP: 11/40 MP: 3/3
  1284 | D:3      | Reached skill level 5 in Unarmed Combat
  1315 | D:3      | Reached XP level 5. HP: 40/46 MP: 4/4
  1443 | D:3      | Noticed an ogre
  1457 | D:3      | Noticed Sigmund
  1495 | D:3      | Killed Sigmund
  1495 | D:3      | Reached skill level 1 in Armour
  1495 | D:3      | Reached skill level 6 in Unarmed Combat
  1495 | D:3      | Reached XP level 6. HP: 29/52 MP: 5/5
  1500 | D:3      | Reached skill level 7 in Unarmed Combat
  1500 | D:3      | Reached XP level 7. HP: 33/58 MP: 6/6
  2061 | D:4      | Found a runed gate.
  2061 | D:4      | Found a runed gate.
  2062 | D:4      | Found a runed gate.
  2068 | D:4      | Noticed Quilel's ghost (amateur DEEn)
  2139 | D:4      | Found a basalt altar of Yredelemnul.
  2194 | D:4      | Found Mommuinna's Book Boutique.
  2508 | D:4      | Reached skill level 8 in Unarmed Combat
  2731 | D:4      | Found a deep blue altar of Sif Muna.
  2999 | D:5      | Entered Level 5 of the Dungeon
  3390 | D:5      | Reached XP level 8. HP: 40/66 MP: 7/7
  3551 | D:5      | Found a staircase to the Ecumenical Temple.
  3662 | D:5      | Reached skill level 9 in Unarmed Combat
  3725 | D:5      | Found an iron altar of Okawaru.
  4188 | D:6      | Noticed Menkaure
  4198 | D:6      | Killed Menkaure
  4291 | D:6      | Found Ciagrodukk's Antique Weapon Shoppe.
  4445 | D:6      | Reached skill level 10 in Unarmed Combat
  4950 | D:7      | Reached XP level 9. HP: 66/72 MP: 8/8
  4952 | D:7      | Reached skill level 1 in Evocations
  5137 | D:7      | Reached skill level 11 in Unarmed Combat
  5194 | D:7      | Found a glowing golden altar of the Shining One.
  5760 | D:7      | Found a shadowy altar of Dithmenos.
  6135 | D:8      | Reached skill level 12 in Unarmed Combat
  6436 | D:8      | Reached skill level 5 in Fighting
  6502 | D:8      | Reached XP level 10. HP: 43/81 MP: 9/9
  7134 | D:8      | Reached skill level 13 in Unarmed Combat
  7310 | D:8      | Reached skill level 5 in Dodging
  7410 | D:9      | Noticed Maurice
  7412 | D:9      | Noticed a two-headed ogre
  7427 | D:9      | Noticed a two-headed ogre
  7441 | D:9      | HP: 4/81 [two-headed ogre/dire flail (10)]
  7443 | D:9      | Noticed Grum
  7455 | D:9      | Mangled by a wolf

Vault maps used:
D:1:      minmay_arrival_four_circles, minmay_misc_feat_cross
D:3:      first_ration, minmay_misc_feat_iff, kennysheep_decorative_pillar,
          uniq_sigmund
D:4:      yredelemnul_altar_generic, lemuel_round_altar,
          gammafunk_ghost_necromancy, serial_shops, shop_fountains,
          cheibrodos_gnoll_hut
D:5:      kennysheep_little_box, minmay_temple_entry_poolview
D:6:      serial_shops, nicolae_shop_overgrown_old_shop, uniq_menkaure
D:7:      lemuel_doored_altar, basic_altar
D:9:      basic_altar, uniq_grum, uniq_maurice, uniq_prince_ribbit1, uniq_pikel

Skill      XL: |  1  2  3  4  5  6  7  8  9 10 |
---------------+-------------------------------+-----
Dodging        | 3 4 5 |  5.0
Unarmed Combat | 4 5 6 7 8 10 12 13 | 13.0
Armour         | 1 2 3 4 |  4.1
Fighting       | 4 5 |  5.3
Evocations     | 1 |  1.1
Stealth        | |  2.2

Action                   |  1- 3 |  4- 6 |  7- 9 | 10-12 || total
-------------------------+-------+-------+-------+-------++-------
Melee: Unarmed           |   110 |   148 |   382 |    59 ||   699
       Punch             |     2 |     1 |    13 |     2 ||    18
Evoke: Wand              |       |       |     6 |     1 ||     7
  Use: Scroll            |     2 |       |     7 |     6 ||    15
       Potion            |     1 |     2 |     5 |     7 ||    15
 Stab: Sleeping          |     5 |     1 |     3 |       ||     9
       Invisible         |     1 |       |     4 |       ||     5
       Paralysed         |       |       |     4 |       ||     4
       Distracted        |       |       |     1 |       ||     1
  Eat: Chunk             |    14 |    20 |    52 |     4 ||    90
Armor: Robe              |    27 |       |       |       ||    27
       Leather armour    |       |    31 |    41 |    11 ||    83
Dodge: Dodged            |    94 |   110 |   303 |   147 ||   654

Table legend:
 A = Spawn XP
 B = Non-spawn XP
 C = Spawn XP percentage of total XP
 D = Spawn monster count
 E = Non-spawn monster count
 F = Spawn count percentage of total count
 G = Total turns spent on level
                    A         B        C        D         E        F      G
               +---------+---------+-------+---------+---------+-------+---------
         Total |       0 |    5351 |   0.0 |       0 |     173 |   0.0 |  7455
               +---------+---------+-------+---------+---------+-------+---------
           D:1 |       0 |      49 |   0.0 |       0 |      28 |   0.0 |   829
           D:2 |       0 |      69 |   0.0 |       0 |      19 |   0.0 |   431
           D:3 |       0 |     552 |   0.0 |       0 |      33 |   0.0 |  1002
           D:4 |       0 |     325 |   0.0 |       0 |      19 |   0.0 |   737
           D:5 |       0 |     382 |   0.0 |       0 |      18 |   0.0 |  1178
           D:6 |       0 |     921 |   0.0 |       0 |      23 |   0.0 |   976
           D:7 |       0 |     959 |   0.0 |       0 |      14 |   0.0 |   937
           D:8 |       0 |    2094 |   0.0 |       0 |      19 |   0.0 |  1294
               +---------+---------+-------+---------+---------+-------+---------
